Cogmind - Beta 10.2 @@@ ROGUE MODE // 2020.11.30 @ 12:29:35 // Halloween2020/ForbiddenLore Player: WayneKnight Result: Self-destructed Performance ------------- Evolutions (6) 3000 Regions Visited (20) 4000 Robots Destroyed (170) 850 Value Destroyed (6236) 6236 Prototype IDs (47) 940 Alien Tech Used (0) 0 Bonus (2954) 2954 TOTAL SCORE: 17980 Bonus ------- High Alert Combat Kills 72 Follower Combat Kills 1182 Entered Garrisons 400 Used RIF Installer 1000 Aligned with FarCom 300 Cogmind --------- Core Integrity 924/1150 Matter 292/300 Energy 283/325 System Corruption 0% Temperature Cool (0) Movement Flying (150) Ox1 Location -4/Factory Parts ------- > --- POWER (1) -------- Antimatter Reactor > --- PROPULSION (6) --- Flying Fortress v7 > --- UTILITY (9) ------ Large Storage Unit Large Storage Unit High-capacity Storage Unit Long-range Sensor Array Advanced Signal Interpreter System Shield > --- WEAPON (3) ------- (None) > --- INVENTORY (24) --- Light Quantum Reactor Impulse Thruster Array Large Storage Unit Advanced Signal Interpreter Advanced ECM Suite Advanced Cloaking Device Improved Light Armor Plating Damper Plating Advanced Powered Armor Hacking Suite System Backup Module AWS/Autocannon Heavy Proton Missile Launcher Heavy Missile Launcher Long-range Missile Launcher Great Axe Peak State ------------ > --- POWER ------------ Light Antimatter Reactor > --- PROPULSION ------- Nuclear Pulse Array Flying Fortress v7 > --- UTILITY ---------- Large Storage Unit Large Storage Unit High-capacity Storage Unit Experimental Sensor Array Advanced Signal Interpreter Damper Plating System Shield > --- WEAPON ----------- AWS/Autocannon > --- INVENTORY -------- Antimatter Reactor Light Quantum Reactor Impulse Thruster Array Large Storage Unit Long-range Sensor Array Advanced Signal Interpreter Advanced ECM Suite Advanced Cloaking Device Improved Light Armor Plating Advanced Powered Armor Hacking Suite System Backup Module Heavy Proton Missile Launcher Heavy Missile Launcher Long-range Missile Launcher Chainsword Great Axe [Rating: 123] Favorites ----------- Power Improved Ion Engine Engine Improved Ion Engine Power Core Fission Core Reactor Light Antimatter Reactor Propulsion Improved Treads Treads Improved Treads Leg Aluminum Leg Wheel Wheel Flight Unit Flying Fortress v7 Utility Large Storage Unit Device Experimental Sensor Array Storage Large Storage Unit Processor Advanced Signal Interpreter Hackware System Shield Protection Improved Propulsion Shielding Weapon Heavy Assault Rifle Energy Gun EM Pulse Gun Ballistic Gun Heavy Assault Rifle Ballistic Cannon AWS/Autocannon Launcher Grenade Launcher Special Weapon Mining Laser Impact Weapon Powered Hammer Slashing Weapon Chainsword Build | -11 -10 -10 -9 -9 -9 -8 -8 -8 -7 -7 -7 -6 -6 -6 -5 -5 -5 -4 -4 -4 ------- Run | Scr Mat Min Mat Min Exi Min Mat Gar Fac Gar Fac Fac Was Fac Fac Was Fac Fac Was Fac Slots Evolved 12 | . . . 2 . . . 2 . 2 . . 2 . . 2 . . 2 . . Power . | . . . . . . . . . . . . . . . . . . . . . Propulsion 4 | . . . 1 . . . . . 1 . . . . . . . . 2 . . Utility 7 | . . . 1 . . . 1 . 1 . . 2 . . 2 . . . . . Weapon 1 | . . . . . . . 1 . . . . . . . . . . . . . Parts Attached 222 | 3 7 5 35 1 3 2 18 3 . 4 38 11 . 15 13 1 2 53 . 8 Power 14 | . . . 4 1 . . 1 . . 1 2 . . 1 1 . . 2 . 1 Engine 8 | . . . 4 1 . . 1 . . 1 . . . . 1 . . . . . Core 3 | . . . . . . . . . . . 2 . . 1 . . . . . . Reactor 3 | . . . . . . . . . . . . . . . . . . 2 . 1 Propulsion 32 | 2 4 1 15 . . . 7 . . 1 1 . . . . . . 1 . . Treads 28 | 2 2 1 15 . . . 7 . . 1 . . . . . . . . . . Leg . | . . . . . . . . . . . . . . . . . . . . . Wheel 2 | . 2 . . . . . . . . . . . . . . . . . . . Hover . | . . . . . . . . . . . . . . . . . . . . . Flight 2 | . . . . . . . . . . . 1 . . . . . . 1 . . Utility 87 | 1 1 1 5 . 1 . 2 . . 1 15 9 . 8 8 1 2 27 . 5 Device 51 | . . . . . . . . . . . 9 3 . 5 6 1 2 22 . 3 Storage 12 | 1 1 1 5 . 1 . 1 . . . 1 . . . . . . 1 . . Processor 4 | . . . . . . . . . . . 1 1 . . 1 . . 1 . . Hackware 3 | . . . . . . . . . . . . 3 . . . . . . . . Protection 17 | . . . . . . . 1 . . 1 4 2 . 3 1 . . 3 . 2 Artifact . | . . . . . . . . . . . . . . . . . . . . . Weapon 89 | . 2 3 11 . 2 2 8 3 . 1 20 2 . 6 4 . . 23 . 2 Energy Gun 2 | . . . 2 . . . . . . . . . . . . . . . . . Energy Cannon . | . . . . . . . . . . . . . . . . . . . . . Ballistic Gun 22 | . . 1 9 . 2 1 6 2 . 1 . . . . . . . . . . Ballistic Cannon 21 | . . . . . . . . . . . 9 . . 1 2 . . 8 . 1 Launcher 7 | . 1 2 . . . 1 . 1 . . 1 . . . . . . 1 . . Special Weapon 1 | . 1 . . . . . . . . . . . . . . . . . . . Impact Weapon 2 | . . . . . . . 1 . . . 1 . . . . . . . . . Slashing Weapon 34 | . . . . . . . 1 . . . 9 2 . 5 2 . . 14 . 1 Piercing Weapon . | . . . . . . . . . . . . . . . . . . . . . Special Melee Weapon . | . . . . . . . . . . . . . . . . . . . . . Unidentified Prototypes 5 | . . . 3 . . . . . . . . . . . . . . 2 . . Parts Lost 20 | . . . 3 1 . . 3 . . 1 . 1 . 1 4 . . 1 . 5 Power 4 | . . . 1 1 . . . . . . . . . . 1 . . . . 1 Propulsion 3 | . . . . . . . 2 . . . . . . . . . . . . 1 Utility 7 | . . . . . . . . . . . . 1 . . 3 . . 1 . 2 Weapon 6 | . . . 2 . . . 1 . . 1 . . . 1 . . . . . 1 Highest Loss Streak 4 | . . . 1 1 . . 2 . . 1 . 1 . 1 4 . . 1 . 2 Average Slot Usage (%) 85 | . 100 100 99 100 100 100 100 100 84 100 61 69 73 78 68 64 70 70 67 60 Engine 5 | . 14 14 10 11 11 11 9 9 7 7 . . . . . 5 5 . . . Core 1 | . . . . . . . . . . . 6 6 6 6 4 . . . . . Treads 15 | . 25 28 32 33 33 33 27 27 23 30 . . . . . . . . . . Flight 3 | . . . . . . . . . . . 6 6 6 6 5 5 5 10 10 10 Device 4 | . . . . . . . . . . . 6 5 6 5 15 17 23 13 10 8 Storage 24 | . 28 28 33 33 33 33 28 36 30 30 23 20 20 20 17 17 17 15 15 15 Processor 2 | . . . . . . . . . . . 6 5 6 6 4 5 5 6 9 5 Hackware 3 | . . . . . . . . . . . . 9 13 13 10 5 5 5 5 5 Protection 2 | . . . . . . . 7 . . 7 . 3 . . . . . 5 5 3 Energy Gun 2 | . 14 14 . . . . . . . . . . . . . . . . . . Ballistic Gun 10 | . 13 1 21 22 22 18 25 26 23 23 1 . . . . . . . . . Slashing Weapon 4 | . . . . . . . . . . . 5 9 13 18 5 5 5 6 5 4 Naked Turns . | . . . . . . . . . . . . . . . . . . . . . Heaviest Build 122 | 17 30 42 62 61 77 78 96 96 96 112 112 64 62 71 122 65 68 92 84 85 Greatest Support 92 | 40 40 40 69 69 69 69 69 60 60 80 80 72 72 72 72 72 72 92 92 92 Greatest Overweight (x) 2 | . 2 1 . . 1 1 1 1 1 1 1 . . . 1 . . . . 1 Average Overweight (x) . | . . . . . . 1 1 1 1 1 . . . . . . . . . . Largest Inventory Capacity 30 | 8 12 16 22 22 24 24 30 30 30 30 30 22 22 22 22 22 22 24 24 24 Average Capacity 21 | 7 11 13 20 22 23 24 24 30 30 30 22 22 22 22 22 22 22 23 24 24 Most Carried 29 | 6 12 16 22 22 24 24 25 25 25 26 29 20 22 22 22 19 22 23 24 24 Average Carried 19 | 6 10 13 19 21 22 24 23 25 25 24 20 17 20 21 20 18 21 20 23 21 Final Capacity 30 | 8 12 16 22 22 24 24 30 30 30 30 22 22 22 22 22 22 22 24 24 24 Final Carried 26 | 6 12 16 22 22 24 24 25 25 25 26 21 20 22 22 19 19 22 22 23 21 Class Distribution -------------------- 49% | Hauler-Mutant 15% | Mutant 14% | Hacker-Mutant 14% | Hauler-Skirmisher 3% | Scavenger-Mutant Dominant Class ---------------- Mutant | -10/Materials Mutant | -10/Mines Hauler-Mutant | -9/Materials Hauler-Mutant | -9/Mines Hauler-Mutant | -9/Exiles Hauler-Mutant | -8/Mines Hauler-Skirmisher | -8/Materials Hauler-Skirmisher | -8/Garrison Hauler-Gunner | -7/Factory Hauler-Tank | -7/Garrison Hauler-Mutant | -7/Factory Hauler-Mutant | -6/Factory Hacker-Mutant | -6/Waste Hacker-Mutant | -6/Factory Hacker-Mutant | -5/Factory Hauler-Mutant | -5/Waste Hauler-Mutant | -5/Factory Hauler-Mutant | -4/Factory Hauler-Mutant | -4/Waste Hauler-Mutant | -4/Factory Resources | -11 -10 -10 -9 -9 -9 -8 -8 -8 -7 -7 -7 -6 -6 -6 -5 -5 -5 -4 -4 -4 ----------- Run | Scr Mat Min Mat Min Exi Min Mat Gar Fac Gar Fac Fac Was Fac Fac Was Fac Fac Was Fac Matter Collected 4424 | 206 152 276 873 134 . 222 758 89 . 277 363 45 105 130 120 . . 614 . 60 Remotely . | . . . . . . . . . . . . . . . . . . . . . Salvage Created 5878 | 83 304 228 1446 180 . 381 979 186 . 334 399 45 . 209 99 . . 770 . 235 Parts 389 | 2 24 16 113 13 . 28 63 11 . 14 16 3 . 18 4 . . 51 . 13 Haulers Intercepted 3 | . . . 2 . . . 1 . . . . . . . . . . . . . Recyclers Shooed 2 | . . . 1 . . 1 . . . . . . . . . . . . . . Parts Field Recycled . | . . . . . . . . . . . . . . . . . . . . . Retrieved Matter . | . . . . . . . . . . . . . . . . . . . . . Parts Self-Destructed . | . . . . . . . . . . . . . . . . . . . . . Prevented . | . . . . . . . . . . . . . . . . . . . . . Kills | -11 -10 -10 -9 -9 -9 -8 -8 -8 -7 -7 -7 -6 -6 -6 -5 -5 -5 -4 -4 -4 ------- Run | Scr Mat Min Mat Min Exi Min Mat Gar Fac Gar Fac Fac Was Fac Fac Was Fac Fac Was Fac Combat Hostiles Destroyed 135 | . 10 6 28 8 . 14 17 5 . 7 12 . . 4 3 . . 17 . 4 Melee 11 | . . . . . . . . . . . . . . 3 . . . 8 . . Guns 81 | . 8 . 27 8 . 12 17 2 . 7 . . . . . . . . . . Cannons 27 | . . . . . . . . . . . 10 . . 1 3 . . 9 . 4 AOE 16 | . 2 6 1 . . 2 . 3 . . 2 . . . . . . . . . Classes Destroyed 14 | 1 3 2 3 . . 1 1 . . 2 1 . . . . . . . . . Worker 2 | . . . 1 . . . 1 . . . . . . . . . . . . . Builder 2 | . . 1 1 . . . . . . . . . . . . . . . . . Tunneler 2 | . . . . . . 1 1 . . . . . . . . . . . . . Hauler 3 | . . . 2 . . . 1 . . . . . . . . . . . . . Recycler 4 | 1 . 1 2 . . . . . . . . . . . . . . . . . Operator 2 | . . . 1 . . . . . . . . . . . . . . 1 . . Watcher 20 | . 3 . 5 . . . 5 . . . 1 2 . 2 . . . 2 . . Swarmer 38 | . 6 . 8 5 . 8 4 . . . 3 . . 2 . . . 2 . . Grunt 44 | . 4 4 10 3 . 6 4 5 . 4 2 . . . . . . . . 2 Brawler 2 | . . . . . . . . . . 1 . . . . . . . . . 1 Duelist 1 | . . . . . . . . . . . 1 . . . . . . . . . Sentry 24 | . . 2 10 . . . 7 . . . 3 . . 1 . . . 1 . . Hunter 6 | . . . . . . . 2 . . 1 1 . . . . . . 2 . . Programmer 20 | . . . . . . . . . . 1 2 . . 1 3 . . 12 . 1 Best Kill Streak 5 | 1 3 2 5 2 . 4 4 3 . 3 3 1 . 2 2 . . 4 . 3 Combat Bots Only 4 | . 3 2 3 2 . 4 4 3 . 3 3 . . 1 2 . . 4 . 3 Max Kills in Single Turn 2 | 1 2 2 2 1 . 2 2 2 . 1 1 1 . 1 1 . . 1 . 1 Gunslinging 1 | . . . . . . 1 . . . . . . . . . . . . . . Exploded 2 | . 2 2 1 . . 1 . 2 . . 1 . . . . . . . . . Melee 1 | . . . . . . . . . . . . . . 1 . . . 1 . . Uniques/NPCs Destroyed . | . . . . . . . . . . . . . . . . . . . . . Combat | -11 -10 -10 -9 -9 -9 -8 -8 -8 -7 -7 -7 -6 -6 -6 -5 -5 -5 -4 -4 -4 -------- Run | Scr Mat Min Mat Min Exi Min Mat Gar Fac Gar Fac Fac Was Fac Fac Was Fac Fac Was Fac Damage Taken 7061 | . 189 190 1195 441 . 488 622 122 . 940 488 77 23 484 425 . . 923 . 454 Core 875 | . 32 32 188 86 . 88 57 . . 40 25 . . 50 51 . . 162 . 64 Absorbed by Shields 36 | . . . . . . . . . . . . . . 36 . . . . . . Core Remaining (%) 78 | 100 . 74 . . . 9 . 89 . . 90 . . 94 . . 94 . . . Volleys Fired 277 | 2 33 13 91 26 . 32 51 5 . 22 2 . . . . . . . . . Largest 3 | 2 2 2 2 2 . 2 3 3 . 3 1 . . . . . . . . . Hottest 100 | 60 100 60 70 46 . 46 73 73 . 73 39 . . . . . . . . . Shots Fired 679 | 4 63 15 182 52 . 58 151 11 . 66 26 . . 4 8 . . 31 . 8 Gun 577 | 4 60 4 179 52 . 52 151 9 . 66 . . . . . . . . . . Cannon 75 | . . . . . . . . . . . 24 . . 4 8 . . 31 . 8 Launcher 24 | . . 11 3 . . 6 . 2 . . 2 . . . . . . . . . Special 3 | . 3 . . . . . . . . . . . . . . . . . . . Kinetic 614 | 2 30 2 175 52 . 52 151 9 . 66 24 . . 4 8 . . 31 . 8 Thermal 3 | . 3 . . . . . . . . . . . . . . . . . . . Explosive 24 | . . 11 3 . . 6 . 2 . . 2 . . . . . . . . . Electromagnetic 38 | 2 30 2 4 . . . . . . . . . . . . . . . . . Robot Hit Streak 26 | 2 6 15 26 16 . 8 15 18 . 10 15 . . 17 5 . . 22 . 14 Robot Miss Streak 5 | 1 5 . 3 2 . 3 3 1 . 3 1 . . 1 1 . . 1 . 1 Penetration Max . | . . . . . . . . . . . . . . . . . . . . . Secondary Targets 13 | . 1 . 2 2 . 3 . 1 . 4 . . . . . . . . . . Max Gunslinging Chain 1 | . 1 . 1 1 . 1 . 1 . 1 . . . . . . . . . . Autonomous 75 | . . . . . . . . . . . 24 . . 4 8 . . 31 . 8 Shots Hit Robots 554 | 2 35 13 135 39 . 41 103 8 . 49 28 6 . 12 9 . . 66 . 8 Core Hits 254 | 1 18 15 57 11 . 26 44 9 . 18 14 1 . 6 3 . . 26 . 5 Critical Hits 6 | . 1 . . . . . . . . . . . . 1 . . . 3 . 1 Critical Kills 4 | . 1 . . . . . . . . . . . . . . . . 2 . 1 Critical Parts Destroyed 2 | . . . . . . . . . . . . . . 1 . . . 1 . . Melee Attacks 237 | . . . . . . . 10 . . . 36 24 1 44 28 . 4 83 . 7 Impact 9 | . . . . . . . 6 . . . 3 . . . . . . . . . Slashing 228 | . . . . . . . 4 . . . 33 24 1 44 28 . 4 83 . 7 Piercing . | . . . . . . . . . . . . . . . . . . . . . Sneak Attacks 2 | . . . . . . . . . . . . 1 . 1 . . . . . . Combat Hostiles . | . . . . . . . . . . . . . . . . . . . . . Follow-up Attacks 11 | . . . . . . . . . . . . 1 . 3 . . . 7 . . Damage Inflicted 17426 | 15 727 650 2308 574 . 897 1720 362 . 796 2200 397 . 722 863 . . 4575 . 620 Guns 6169 | 15 450 33 2034 574 . 561 1576 130 . 796 . . . . . . . . . . Cannons 6547 | . . . . . . . . . . . 1804 . . 244 764 . . 3177 . 558 Explosions 1778 | . 273 602 192 . . 276 . 232 . . 203 . . . . . . . . . Melee 2744 | . . . . . . . 144 . . . 193 397 . 478 99 . . 1398 . 35 Ramming 188 | . 4 15 82 . . 60 . . . . . . . . . . . . . 27 Kinetic 12340 | 15 135 12 1994 574 . 561 1576 130 . 796 1804 . . 244 764 . . 3177 . 558 Thermal 374 | . 157 69 . . . . . . . . 148 . . . . . . . . . Explosive 1404 | . 116 533 192 . . 276 . 232 . . 55 . . . . . . . . . Electromagnetic 376 | . 315 21 40 . . . . . . . . . . . . . . . . . Impact 83 | . . . . . . . 83 . . . . . . . . . . . . . Slashing 2661 | . . . . . . . 61 . . . 193 397 . 478 99 . . 1398 . 35 Piercing . | . . . . . . . . . . . . . . . . . . . . . Highest Corruption 8 | . . . . . . . 1 1 . . 2 . . 2 3 8 8 2 . . Average Corruption 1 | . . . . . . . 1 1 . . 1 . . 1 3 6 8 1 . . Corruption Purged 2 | . . . . . . . . . . . . . . . . . . 2 . . Effects 56 | . . . . . . . 10 2 . . 14 . . 11 2 2 8 7 . . Message Errors 21 | . . . . . . . 6 . . . 8 . . 3 . 1 1 2 . . Matter Fused 5 | . . . . . . . . . . . . . . . 1 . 4 . . . Heat Flow Errors 3 | . . . . . . . . . . . 1 . . . 1 . 1 . . . Energy Discharges 13 | . . . . . . . 1 1 . . 2 . . 4 . 1 1 3 . . Data Loss (minor) 10 | . . . . . . . 1 1 . . 3 . . 3 . . 1 1 . . Targeting Errors 3 | . . . . . . . 1 . . . . . . 1 . . . 1 . . Weapon Failures 1 | . . . . . . . 1 . . . . . . . . . . . . . Overload Shots . | . . . . . . . . . . . . . . . . . . . . . Overflow Damage 2191 | . 76 . 50 . . 4 . 7 . . 333 156 . 167 227 . . 1134 . 37 Projectiles 1689 | . . . . . . . . . . . 288 . . 58 183 . . 1128 . 32 Explosions 133 | . 76 . 50 . . . . 7 . . . . . . . . . . . . Melee 369 | . . . . . . 4 . . . . 45 156 . 109 44 . . 6 . 5 Knockbacks 33 | . . . . . . . . . . . 4 . . 2 4 . . 22 . 1 Impact . | . . . . . . . . . . . . . . . . . . . . . Kinetic 31 | . . . . . . . . . . . 4 . . 2 4 . . 20 . 1 Secondary 2 | . . . . . . . . . . . . . . . . . . 2 . . Self-Inflicted Damage 391 | . 30 38 113 . . 30 . 42 . . 125 . . . . . . . . 13 Shots 11 | . 1 1 4 . . 1 . 2 . . 2 . . . . . . . . . Rammed 17 | . 2 1 7 . . 6 . . . . . . . . . . . . . 1 Targets Rammed 21 | . 2 3 9 . . 6 . . . . . . . . . . . . . 1 Kicked . | . . . . . . . . . . . . . . . . . . . . . Crushed 4 | . . 2 2 . . . . . . . . . . . . . . . . . Highest Temperature 297 | . 40 21 209 8 . 4 136 43 . 297 89 . . . 275 . . . . 1 Average Temperature 52 | . 19 8 32 2 . 2 29 25 . 134 53 . . . 143 . . . . 1 Received Heat Transfer 1569 | . 45 72 402 111 . 162 153 54 . 378 45 . . 48 9 . . . . 90 Effects 1 | . . . . . . . . . . 1 . . . . . . . . . . Energy Bleed 1 | . . . . . . . . . . 1 . . . . . . . . . . Siege Activations . | . . . . . . . . . . . . . . . . . . . . . Robots Corrupted . | . . . . . . . . . . . . . . . . . . . . . Combat Hostiles . | . . . . . . . . . . . . . . . . . . . . . Parts Fried 1 | . 1 . . . . . . . . . . . . . . . . . . . Impact Corruptions 4 | . . . 1 . . 1 . . . . . . . . . . . 1 . 1 Robots Melted . | . . . . . . . . . . . . . . . . . . . . . Combat Hostiles . | . . . . . . . . . . . . . . . . . . . . . Parts Melted . | . . . . . . . . . . . . . . . . . . . . . Heat Transferred 350 | . 250 . . . . . . . . . 100 . . . . . . . . . Parts Sabotaged . | . . . . . . . . . . . . . . . . . . . . . Parts Stolen . | . . . . . . . . . . . . . . . . . . . . . Parts Stripped . | . . . . . . . . . . . . . . . . . . . . . Power Chain Reactions 4 | . 3 1 . . . . . . . . . . . . . . . . . . Missiles Intercepted . | . . . . . . . . . . . . . . . . . . . . . Alert | -11 -10 -10 -9 -9 -9 -8 -8 -8 -7 -7 -7 -6 -6 -6 -5 -5 -5 -4 -4 -4 ------- Run | Scr Mat Min Mat Min Exi Min Mat Gar Fac Gar Fac Fac Was Fac Fac Was Fac Fac Was Fac Peak Influence 788 | 5 115 220 307 324 . 250 268 362 189 352 313 159 100 788 239 20 22 152 104 733 Initial 198 | . 3 14 23 74 . . 45 161 189 132 184 153 28 70 198 5 14 10 30 72 Average 130 | 4 35 77 168 167 . 94 107 210 189 258 91 71 73 344 76 8 20 45 80 538 Maximum Alert Level 3 | . . 1 1 1 . 1 1 1 . 1 1 . . 3 1 . . . . 3 Low Security (%) 76 | 100 100 78 62 76 . 88 71 65 100 31 91 100 100 25 79 100 100 100 100 3 Level 1 18 | . . 21 37 23 . 11 28 34 . 68 8 . . 45 20 . . . . 13 Level 2 4 | . . . . . . . . . . . . . . 17 . . . . . 77 Level 3 1 | . . . . . . . . . . . . . . 11 . . . . . 5 Level 4 . | . . . . . . . . . . . . . . . . . . . . . Level 5 . | . . . . . . . . . . . . . . . . . . . . . High Security . | . . . . . . . . . . . . . . . . . . . . . Max Security . | . . . . . . . . . . . . . . . . . . . . . Squads Dispatched 37 | . 4 . 2 . . . 1 . . . 8 2 . 2 5 . . 6 . 7 Investigation 5 | . 1 . . . . . . . . . 4 . . . . . . . . . Extermination 15 | . . . . . . . . . . . 3 1 . 1 3 . . 6 . 1 Reinforcement 14 | . 3 . 2 . . . 1 . . . 1 1 . 1 2 . . . . 3 Assault 3 | . . . . . . . . . . . . . . . . . . . . 3 Garrison . | . . . . . . . . . . . . . . . . . . . . . Intercept . | . . . . . . . . . . . . . . . . . . . . . Construction Impeded 2 | . . . . . . . . . . . . . . . . . . . . 2 Haulers Reinforced 1 | . . . . . . . . . . . . . . 1 . . . . . . Stealth | -11 -10 -10 -9 -9 -9 -8 -8 -8 -7 -7 -7 -6 -6 -6 -5 -5 -5 -4 -4 -4 --------- Run | Scr Mat Min Mat Min Exi Min Mat Gar Fac Gar Fac Fac Was Fac Fac Was Fac Fac Was Fac Distress Signals 12 | . . . 4 . . . 2 . . . 2 . . 3 . . . 1 . . Communications Jammed . | . . . . . . . . . . . . . . . . . . . . . Distress Signals . | . . . . . . . . . . . . . . . . . . . . . Times Spotted 296 | . 23 6 47 12 . 12 37 5 . 11 24 12 . 27 11 3 . 31 . 35 Peak Tracking Total 11 | . 4 2 6 3 . 3 4 3 . 5 4 5 . 7 6 3 . 5 . 11 Tactical Retreats 32 | . 1 . 2 2 . . 1 . . 4 1 2 . 8 1 . . 7 . 3 Traps | -11 -10 -10 -9 -9 -9 -8 -8 -8 -7 -7 -7 -6 -6 -6 -5 -5 -5 -4 -4 -4 ------- Run | Scr Mat Min Mat Min Exi Min Mat Gar Fac Gar Fac Fac Was Fac Fac Was Fac Fac Was Fac Traps Triggered 25 | . . . . 1 . . 1 3 . 4 3 2 . 5 1 . . 5 . . Indirectly . | . . . . . . . . . . . . . . . . . . . . . Trap Hack Attempts . | . . . . . . . . . . . . . . . . . . . . . Triggered . | . . . . . . . . . . . . . . . . . . . . . Disarmed 5 | . 5 . . . . . . . . . . . . . . . . . . . Reprogrammed 6 | . . . . . . . . . . . . 6 . . . . . . . . Reused . | . . . . . . . . . . . . . . . . . . . . . Traps Extracted . | . . . . . . . . . . . . . . . . . . . . . Installed . | . . . . . . . . . . . . . . . . . . . . . Triggered 1 | . 1 . . . . . . . . . . . . . . . . . . . Machines | -11 -10 -10 -9 -9 -9 -8 -8 -8 -7 -7 -7 -6 -6 -6 -5 -5 -5 -4 -4 -4 ---------- Run | Scr Mat Min Mat Min Exi Min Mat Gar Fac Gar Fac Fac Was Fac Fac Was Fac Fac Was Fac Machines Disabled 22 | . 3 2 3 . . 1 . . . . 2 . . 1 . . . . . 10 Max in Single Turn 2 | . 1 1 2 . . 1 . . . . 1 . . 1 . . . . . . Garrison Access 11 | . . . . . . . . . . . 3 3 . 2 1 . . 1 . 1 Machines Sabotaged . | . . . . . . . . . . . . . . . . . . . . . Garrisons Compromised . | . . . . . . . . . . . . . . . . . . . . . Overloaded Fab Kills . | . . . . . . . . . . . . . . . . . . . . . Fab Network Shutdowns 1 | . . . . . . . . . . . . . . 1 . . . . . . Hacking | -11 -10 -10 -9 -9 -9 -8 -8 -8 -7 -7 -7 -6 -6 -6 -5 -5 -5 -4 -4 -4 --------- Run | Scr Mat Min Mat Min Exi Min Mat Gar Fac Gar Fac Fac Was Fac Fac Was Fac Fac Was Fac Machines Accessed 113 | . 7 2 14 1 2 . 12 . 1 . 21 11 . 19 6 . 2 12 . 3 Terminals 73 | . 6 1 10 . . . 8 . . . 17 6 . 10 4 . 1 9 . 1 Fabricators 4 | . . . . . . . . . . . . 2 . 2 . . . . . . Repair Stations 7 | . . . 2 . . . . . . . 1 . . 2 . . . 1 . 1 Recycling Units 3 | . 1 . . . . . 1 . . . . . . . . . 1 . . . Scanalyzers 9 | . . . 2 . . . 2 . . . . . . 3 1 . . 1 . . Garrison Access 13 | . . . . . . . 1 . 1 . 3 3 . 2 1 . . 1 . 1 Total Hacks 382 | . 25 3 62 1 2 . 44 . 1 . 58 41 . 76 17 . 2 43 . 7 Successful 246 | . 12 3 43 1 2 . 28 . 1 . 30 29 . 58 12 . 1 23 . 3 Failed 134 | . 12 . 19 . . . 15 . . . 28 12 . 18 5 . 1 20 . 4 Catastrophic 21 | . . . 3 . . . 2 . . . 4 3 . 2 3 . 1 3 . . Database Lockouts 2 | . 1 . . . . . 1 . . . . . . . . . . . . . Manual 181 | . 16 2 28 . 2 . 19 . . . 33 20 . 25 9 . 1 26 . . Terminals 267 | . 24 2 40 . . . 26 . . . 51 34 . 38 12 . 1 38 . 1 Fabricators 10 | . . . . . . . . . . . . 4 . 6 . . . . . . Repair Stations 25 | . . . 9 . . . . . . . 4 . . 6 . . . 1 . 5 Recycling Units 5 | . 1 . . . . . 3 . . . . . . . . . 1 . . . Scanalyzers 57 | . . . 13 . . . 13 . . . . . . 24 4 . . 3 . . Garrison Access 14 | . . . . . . . 2 . 1 . 3 3 . 2 1 . . 1 . 1 Terminal Hacks 99 | . 7 3 14 1 2 . 8 . . . 12 17 . 19 3 . . 13 . . Record 1 | . . . . . 1 . . . . . . . . . . . . . . . Part Schematic 4 | . . . 1 . . . . . . . 1 2 . . . . . . . . Robot Analysis 11 | . 1 2 1 . . . 1 . . . 1 2 . 2 . . . 1 . . Prototype ID Bank 8 | . . . 2 . . . 1 . . . . . . 3 . . . 2 . . Open Door 4 | . . 1 . 1 . . . . . . . 1 . 1 . . . . . . Branch Access Points 4 | . . . 1 . . . . . . . 1 1 . . . . . 1 . . Emergency Access Points 2 | . . . . . . . . . . . . 2 . . . . . . . . Terminal Index 6 | . . . . . . . 1 . . . 1 1 . 1 1 . . 1 . . Fabricator Index 1 | . . . . . . . . . . . . 1 . . . . . . . . Garrison Index 2 | . . . . . . . . . . . 1 . . 1 . . . . . . Alert Level 3 | . . . 2 . . . 1 . . . . . . . . . . . . . Unreport Threat 8 | . . . 2 . . . . . . . 1 . . 3 . . . 2 . . Locate Traps 23 | . 3 . 4 . . . 2 . . . 4 2 . 3 1 . . 4 . . Disarm Traps 2 | . 2 . . . . . . . . . . . . . . . . . . . Reprogram Traps 1 | . . . . . . . . . . . . 1 . . . . . . . . Recall Extermination 2 | . . . . . . . . . . . . 1 . 1 . . . . . . Hauler Manifests 1 | . . . . . . . . . . . . . . 1 . . . . . . Zone Layout 15 | . 1 . 1 . . . 2 . . . 2 3 . 3 1 . . 2 . . EX-Prototype ID Bank 1 | . . . . . 1 . . . . . . . . . . . . . . . Fabricator Hacks 6 | . . . . . . . . . . . . 3 . 3 . . . . . . Network Status 2 | . . . . . . . . . . . . 1 . 1 . . . . . . Load Schematic 2 | . . . . . . . . . . . . 1 . 1 . . . . . . Build 2 | . . . . . . . . . . . . 1 . 1 . . . . . . Repair Station Hacks 15 | . . . 8 . . . . . . . 3 . . 2 . . . . . 2 Scan Component 9 | . . . 4 . . . . . . . 2 . . 2 . . . . . 1 Repair 6 | . . . 4 . . . . . . . 1 . . . . . . . . 1 Recycling Unit Hacks 4 | . 1 . . . . . 2 . . . . . . . . . 1 . . . Report Inventory 3 | . 1 . . . . . 1 . . . . . . . . . 1 . . . Retrieve Components 1 | . . . . . . . 1 . . . . . . . . . . . . . Scanalyzer 54 | . . . 13 . . . 13 . . . . . . 23 4 . . 1 . . Insert Component 25 | . . . 7 . . . 5 . . . . . . 10 2 . . 1 . . Analyze 29 | . . . 6 . . . 8 . . . . . . 13 2 . . . . . Garrison Access Hacks 13 | . . . . . . . 1 . 1 . 3 3 . 2 1 . . 1 . 1 Unlock Access 2 | . . . . . . . 1 . 1 . . . . . . . . . . . Seal Access 11 | . . . . . . . . . . . 3 3 . 2 1 . . 1 . 1 Unauthorized Hacks 55 | . 4 . 8 . . . 4 . . . 12 6 . 9 4 . . 8 . . Terminals 53 | . 4 . 8 . . . 4 . . . 12 6 . 7 4 . . 8 . . Track 11 | . . . 2 . . . . . . . 4 2 . . 1 . . 2 . . Assimilate 5 | . 1 . 1 . . . . . . . 1 . . 2 . . . . . . Botnet 35 | . 2 . 4 . . . 4 . . . 7 4 . 5 3 . . 6 . . Operators 2 | . 1 . 1 . . . . . . . . . . . . . . . . . Fabricators 2 | . . . . . . . . . . . . . . 2 . . . . . . Report 1 | . . . . . . . . . . . . . . 1 . . . . . . Siphon 1 | . . . . . . . . . . . . . . 1 . . . . . . Repair Stations . | . . . . . . . . . . . . . . . . . . . . . Recycling Units . | . . . . . . . . . . . . . . . . . . . . . Scanalyzers . | . . . . . . . . . . . . . . . . . . . . . Garrison Access . | . . . . . . . . . . . . . . . . . . . . . Data Cores Recovered 2 | . . . 1 . . . . . . . . . . . . . . 1 . . Used 2 | . . . 1 . . . . . . . . . . . . . . 1 . . Hacking Detections 87 | . 6 1 14 . . . 11 . . . 17 6 . 15 4 . 1 11 . 1 Full Trace Events 3 | . . . . . . . . . . . 3 . . . . . . . . . Feedback Events . | . . . . . . . . . . . . . . . . . . . . . Feedback Blocked . | . . . . . . . . . . . . . . . . . . . . . Robot Schematics Acquired . | . . . . . . . . . . . . . . . . . . . . . Robots Built . | . . . . . . . . . . . . . . . . . . . . . Matter . | . . . . . . . . . . . . . . . . . . . . . Time . | . . . . . . . . . . . . . . . . . . . . . Total Robot Build Rating . | . . . . . . . . . . . . . . . . . . . . . Part Schematics Acquired 25 | . . . 6 . . . 5 . . . 1 2 . 9 2 . . . . . Parts Built 3 | . . . . . . . . . . . . 2 . 1 . . . . . . Matter 338 | . . . . . . . . . . . . 146 . 192 . . . . . . Time 100 | . . . . . . . . . . . . 36 . 64 . . . . . . Total Part Build Rating 14 | . . . . . . . . . . . . 6 . 8 . . . . . . Parts Repaired 6 | . . . 4 . . . . . . . 1 . . . . . . . . 1 Time 275 | . . . 149 . . . . . . . 100 . . . . . . . . 26 Parts Recycled . | . . . . . . . . . . . . . . . . . . . . . Recycled Matter . | . . . . . . . . . . . . . . . . . . . . . Retrieved Matter . | . . . . . . . . . . . . . . . . . . . . . Retrieved Components 1 | . . . . . . . 1 . . . . . . . . . . . . . Parts Scanalyzed 22 | . . . 5 . . . 5 . . . . . . 9 2 . . 1 . . Part Schematics Acquired 21 | . . . 5 . . . 5 . . . . . . 9 2 . . . . . Parts Damaged 2 | . . . 1 . . . . . . . . . . 1 . . . . . . Bothacking | -11 -10 -10 -9 -9 -9 -8 -8 -8 -7 -7 -7 -6 -6 -6 -5 -5 -5 -4 -4 -4 ------------ Run | Scr Mat Min Mat Min Exi Min Mat Gar Fac Gar Fac Fac Was Fac Fac Was Fac Fac Was Fac Used RIF Installer 2 | . . . . . . . . 1 . 1 . . . . . . . . . . Patrol Navigation 1 | . . . . . . . . . . 1 . . . . . . . . . . Robots Hacked . | . . . . . . . . . . . . . . . . . . . . . Non-combat . | . . . . . . . . . . . . . . . . . . . . . Combat . | . . . . . . . . . . . . . . . . . . . . . Robot Hacks Applied . | . . . . . . . . . . . . . . . . . . . . . Relay Couplers Released . | . . . . . . . . . . . . . . . . . . . . . Robots Rewired . | . . . . . . . . . . . . . . . . . . . . . Allies Hacked . | . . . . . . . . . . . . . . . . . . . . . Hacks Repelled . | . . . . . . . . . . . . . . . . . . . . . Allies | -11 -10 -10 -9 -9 -9 -8 -8 -8 -7 -7 -7 -6 -6 -6 -5 -5 -5 -4 -4 -4 -------- Run | Scr Mat Min Mat Min Exi Min Mat Gar Fac Gar Fac Fac Was Fac Fac Was Fac Fac Was Fac Total Allies 39 | . . 2 . . . . . . . . 1 . 18 . . . . . 18 . Largest Group 18 | . . 2 2 . . . . . . . 1 . 18 12 . . . . 18 18 Highest-Rated Group 668 | . . 39 39 . . . . . . . 10 . 668 505 . . . . 650 650 Highest-Rated Ally 50 | . . 31 31 . . . . . . . 10 . 50 50 . . . . 50 50 Total Orders . | . . . . . . . . . . . . . . . . . . . . . Ally Attacks 502 | . . 4 8 . . . . . . . . . 155 87 . . . . 78 170 Total Damage 15998 | . . 62 126 . . . . . . . . . 5756 2358 . . . . 3083 4613 Kills 63 | . . 2 3 . . . . . . . . . 11 15 . . . . 6 26 Allies Corrupted 3 | . . . . . . . . . . . . . . 3 . . . . . . Allies Melted . | . . . . . . . . . . . . . . . . . . . . . Intel | -11 -10 -10 -9 -9 -9 -8 -8 -8 -7 -7 -7 -6 -6 -6 -5 -5 -5 -4 -4 -4 ------- Run | Scr Mat Min Mat Min Exi Min Mat Gar Fac Gar Fac Fac Was Fac Fac Was Fac Fac Was Fac Robot Analysis Total 11 | . 1 2 1 . . . 1 . . . 1 2 . 2 . . . 1 . . Derelict Logs Recovered 2 | . . 1 . 1 . . . . . . . . . . . . . . . . Drone Launches . | . . . . . . . . . . . . . . . . . . . . . Drone Recoveries . | . . . . . . . . . . . . . . . . . . . . . Exploration | -11 -10 -10 -9 -9 -9 -8 -8 -8 -7 -7 -7 -6 -6 -6 -5 -5 -5 -4 -4 -4 ------------- Run | Scr Mat Min Mat Min Exi Min Mat Gar Fac Gar Fac Fac Was Fac Fac Was Fac Fac Was Fac Turns Passed 27563 | 30 2841 1089 3589 705 711 979 3642 583 21 314 2381 1550 325 1871 1662 45 300 3556 288 1081 Spaces Moved 19253 | 16 825 611 1529 356 408 352 1168 151 12 124 3153 1337 429 2361 1305 86 483 2916 457 1174 Core . | . . . . . . . . . . . . . . . . . . . . . Treads 5426 | 3 707 611 1529 356 408 352 1168 151 12 124 5 . . . . . . . . . Legs 13 | 13 . . . . . . . . . . . . . . . . . . . . Wheels 118 | . 118 . . . . . . . . . . . . . . . . . . . Hover . | . . . . . . . . . . . . . . . . . . . . . Flight 13696 | . . . . . . . . . . . 3148 1337 429 2361 1305 86 483 2916 457 1174 Fastest Speed 42 | 120 100 160 160 160 160 180 175 190 190 190 50 50 50 50 50 50 50 42 42 42 Average Speed 82 | 127 151 169 160 160 172 180 181 190 190 190 50 50 50 50 50 50 50 42 42 42 Slowest Speed 190 | 160 160 180 160 160 180 180 190 190 190 190 190 50 50 50 150 50 50 50 42 150 Overloaded Moves . | . . . . . . . . . . . . . . . . . . . . . Propulsion Burnouts . | . . . . . . . . . . . . . . . . . . . . . Robots Hopped 71 | . . . . . . . . . . . 6 5 . 23 9 . 1 5 . 22 Cave-ins Triggered 1 | . . . . . . . . . . . . . . . 1 . . . . . Exploration Rate (%) 55 | 3 99 99 97 70 70 61 80 32 1 37 71 27 97 57 25 81 12 41 97 18 Regions Visited 20 Branch Regions 4 Pre-discovered Areas 3 | . . 1 . 1 1 . . . . . . . . . . . . . . . Known Exits Taken 6 | . . . 1 . . . 1 . 1 . 1 . . 1 . . 1 . . . Unknown Exits Taken 6 | 1 1 1 . 1 1 1 . . . . . . . . . . . . . . Scrap Searched 2 | . . 1 . 1 . . . . . . . . . . . . . . . . Spaces Dug 147 | . 3 . . . . . 2 . . . 51 11 1 20 24 . 4 27 . 4 Terrain Destroyed 393 | . 37 45 34 . . 53 2 1 . . 127 11 1 20 25 . 4 28 . 5 Melee 119 | . . . . . . . 2 . . . 26 11 1 20 24 . 4 27 . 4 Projectile 8 | . 3 . . . . . . . . . 2 . . . 1 . . 1 . 1 AOE 266 | . 34 45 34 . . 53 . 1 . . 99 . . . . . . . . . Terrain Rammed . | . . . . . . . . . . . . . . . . . . . . . Walls Destroyed . | . . . . . . . . . . . . . . . . . . . . . Machines Disabled . | . . . . . . . . . . . . . . . . . . . . . Actions | -11 -10 -10 -9 -9 -9 -8 -8 -8 -7 -7 -7 -6 -6 -6 -5 -5 -5 -4 -4 -4 --------- Run | Scr Mat Min Mat Min Exi Min Mat Gar Fac Gar Fac Fac Was Fac Fac Was Fac Fac Was Fac Total 30076 | 20 2344 650 2499 440 417 634 2591 439 11 160 3902 2171 537 2967 2265 87 534 5123 555 1730 Wait 9858 | . 1471 10 782 55 . 243 1309 276 . . 621 802 105 553 918 . 42 2031 89 551 Move 19105 | 15 824 610 1528 355 407 351 1167 149 11 122 3141 1327 428 2318 1289 85 480 2906 456 1136 Hop 58 | . . . . . . . . . . . 5 5 . 19 7 . 1 5 . 16 Pick Up 104 | . 6 5 23 2 2 . 16 . . 4 16 4 2 6 2 1 3 5 4 3 Fast Attach 23 | 1 . . 5 . . . . . . . 4 1 . 5 . . 1 6 . . Attach 81 | . . . 6 1 . . 5 . . 3 18 5 . 2 9 1 1 24 . 6 Detach 64 | . . . . . . . . . . . 24 1 . 1 7 . 1 24 1 5 Swap 118 | 2 7 5 24 . 3 2 13 3 . 1 16 5 . 8 4 . . 23 . 2 Drop 109 | . 1 4 31 1 5 . 20 . . . 19 . 1 10 2 . 1 6 5 3 Fire 277 | 2 33 13 91 26 . 32 51 5 . 22 2 . . . . . . . . . Melee 212 | . . . . . . . 10 . . . 36 21 1 34 27 . 4 72 . 7 Ram 1 | . . . . . . . . . . . . . . . . . . . . 1 Kick . | . . . . . . . . . . . . . . . . . . . . . Crush 20 | . 2 3 9 . . 6 . . . . . . . . . . . . . . Escape Stasis 46 | . . . . . . . . 6 . 8 . . . 11 . . . 21 . . Rewire . | . . . . . . . . . . . . . . . . . . . . . Trap . | . . . . . . . . . . . . . . . . . . . . . Miscellaneous . | . . . . . . . . . . . . . . . . . . . . . Route ------- -11/Scrapyard -10/Materials (discovered 5 exits: *Mat x3 / *Min x2) -10/Mines (discovered 2 exits: *Mat x2) -9/Materials (discovered 4 exits: *Mat x2 / *Min / *Sto) -9/Mines (discovered 2 exits: *Mat / *Exi) -9/Exiles -8/Mines -8/Materials (discovered 3 exits: *Fac x2 / Gar) -8/Garrison -7/Factory (discovered 2 exits: *Low / Gar) -7/Garrison -7/Factory (discovered 6 exits: *Fac x4 / *Low x2) -6/Factory (discovered 6 exits: *Fac x2 / Low x2 / *Ext x2) -6/Waste -6/Factory (discovered 3 exits: *Fac / *Ext x2) -5/Factory -5/Waste -5/Factory -4/Factory (discovered 4 exits: *Res / Upp x2 / Arm) -4/Waste -4/Factory (discovered 1 exit: *Upp) History --------- Turn | Location | Event 7 | -11/Scrapyard | Discovered new exit (range 3) 31 | -11/Scrapyard | Entered Materials 305 | -10/Materials | Build established: Mutant 591 | -10/Materials | Discovered new exit (range 13) 1091 | -10/Materials | Discovered new exit (range 6) 1719 | -10/Materials | Discovered new exit (range 16) 2029 | -10/Materials | Discovered new exit (range 11) 2718 | -10/Materials | Discovered new exit (range 7) 2730 | -10/Materials | Central database locked down 2872 | -10/Materials | Entered Mines 2891 | -10/Mines | Met a Derelict bent on vengeance 3068 | -10/Mines | Discovered new exit (range 3) 3089 | -10/Mines | Learned location of Storage (-9) 3591 | -10/Mines | Found the Drone Emporium 3597 | -10/Mines | Found Prototype Device 3825 | -10/Mines | Found a damaged Exp. Sensor Array with a note attached 3829 | -10/Mines | Found Prototype Device 3941 | -10/Mines | Discovered new exit (range 6) 3961 | -10/Mines | Entered Materials 3961 | -9/Materials | Accompanied by 2 allies 3961 | -9/Materials | Evolved 2 slots: Propulsion x1, Utility x1 3966 | -9/Materials | Led the pair of lost Derelicts to an unsafe place 4284 | -9/Materials | Discovered new exit (range 7) 4497 | -9/Materials | Build established: Scavenger-Mutant 5024 | -9/Materials | Repaired Imp. Treads 5396 | -9/Materials | Build established: Hauler-Mutant 5421 | -9/Materials | Discovered new exit (range 12) 5437 | -9/Materials | Identified exit to Mines 5437 | -9/Materials | Identified exit to Storage 6610 | -9/Materials | Discovered new exit (range 15) 6719 | -9/Materials | Repaired Imp. Treads 6976 | -9/Materials | Discovered new exit (range 16) 7253 | -9/Materials | Identified Exp. Sensor Array 7313 | -9/Materials | Identified Decoy Drone Bay 7411 | -9/Materials | Repaired Broken Transmission Jammer 7444 | -9/Materials | Repaired Imp. Treads 7550 | -9/Materials | Entered Mines 7559 | -9/Mines | Core integrity fell below 50% 7807 | -9/Mines | Discovered new exit (range 11) 8110 | -9/Mines | Met a Derelict who couldn't figure out how to use a Trap Extractor 8149 | -9/Mines | Deemed a non-threat by the Exiles lab entrance 8249 | -9/Mines | Discovered new exit (range 5) 8255 | -9/Mines | Entered Exiles 8292 | -9/Exiles | Met 8R-AWN 8321 | -9/Exiles | Met EX-HEX 8406 | -9/Exiles | Met EX-DEC 8449 | -9/Exiles | Learned location of Zion (-7) 8700 | -9/Exiles | Met EX-BIN 8720 | -9/Exiles | Aligned with FarCom system 8722 | -9/Exiles | Given EX-Vault access code 8763 | -9/Exiles | Opened EX-Vault 8774 | -9/Exiles | Found Flying Fortress v7 8787 | -9/Exiles | Found AWS/Autocannon 8826 | -9/Exiles | Warned to stay clear of 0b10 Research branches 8952 | -9/Exiles | Discovered new exit (range 10) 8966 | -9/Exiles | Stole two prototypes: Flying Fortress v7, AWS/Autocannon 8966 | -9/Exiles | Entered Mines 9272 | -8/Mines | Core integrity fell below 20% 9900 | -8/Mines | Discovered new exit (range 14) 9945 | -8/Mines | Entered Materials 9945 | -8/Materials | Evolved 2 slots: Utility x1, Weapon x1 10240 | -8/Materials | Build established: Hauler-Skirmisher 10254 | -8/Materials | Central database locked down 10345 | -8/Materials | Discovered new exit (range 4) 12911 | -8/Materials | Discovered new exit (range 16) 13185 | -8/Materials | Build established: Hauler-Mutant 13586 | -8/Materials | Identified exit to Garrison 13587 | -8/Materials | Entered Garrison 13874 | -8/Garrison | Build established: Hauler-Skirmisher 13956 | -8/Garrison | Triggered checkpoint 14108 | -8/Garrison | Triggered checkpoint 14115 | -8/Garrison | Discovered new exit (range 13) 14160 | -8/Garrison | Installed Relay Interface Framework 14170 | -8/Garrison | Entered Factory 14170 | -7/Factory | Evolved 2 slots: Propulsion x1, Utility x1 14172 | -7/Factory | FarCom data flow suspended 14172 | -7/Factory | Discovered new exit (range 12) 14189 | -7/Factory | Identified exit to Garrison 14191 | -7/Factory | Entered Garrison 14368 | -7/Garrison | Triggered checkpoint 14463 | -7/Garrison | Discovered new exit (range 10) 14496 | -7/Garrison | Expanded RIF knowledge: Watcher Feeds 14505 | -7/Garrison | Build established: Hauler-Tank 14505 | -7/Garrison | Entered Factory 14552 | -7/Factory | Identified exit to Lower Caves 14863 | -7/Factory | Build established: Hauler-Mutant 15037 | -7/Factory | Discovered new exit (range 7) 15040 | -7/Factory | Identified exit to Factory 15549 | -7/Factory | Discovered exit to Factory (range 16) 15849 | -7/Factory | Discovered exit to Factory (range 15) 16040 | -7/Factory | Discovered exit to Factory (range 7) 16250 | -7/Factory | Repaired Broken Exp. Sensor Array 16886 | -7/Factory | Entered another Factory area 16886 | -6/Factory | Evolved 2 slots: Utility x2 17662 | -6/Factory | Discovered new exit (range 5) 17663 | -6/Factory | Identified exit to Extension 17732 | -6/Factory | Fabricated Adv. Signal Interpreter (x2) 18025 | -6/Factory | Identified exit to Lower Caves 18320 | -6/Factory | Discovered new exit (range 16) 18334 | -6/Factory | Build established: Hacker-Mutant 18368 | -6/Factory | Discovered new exit (range 12) 18374 | -6/Factory | Identified exit to Factory 18436 | -6/Factory | Sucked down chute 18436 | -6/Factory | Entered Waste 18440 | -6/Waste | Spotted C-40 Crusher 18440 | -6/Waste | Spotted C-40 Crusher 18444 | -6/Waste | Warlord forces began an assault 18493 | -6/Waste | Allies destroyed C-40 Crusher 18512 | -6/Waste | Spotted C-40 Crusher 18522 | -6/Waste | Allies destroyed C-40 Crusher 18528 | -6/Waste | Spotted C-40 Crusher 18540 | -6/Waste | Allies destroyed C-40 Crusher 18591 | -6/Waste | Allies destroyed C-40 Crusher 18605 | -6/Waste | Spotted C-40 Crusher 18612 | -6/Waste | Allies destroyed C-40 Crusher 18621 | -6/Waste | Discovered new exit (range 15) 18726 | -6/Waste | Identified exit to Factory 18761 | -6/Waste | Entered Factory 18761 | -6/Factory | Accompanied by 12 allies 19489 | -6/Factory | Fabricated Impulse Thruster Array (x1) 19668 | -6/Factory | Local fabrication network quarantined 20348 | -6/Factory | Discovered exit to Extension (range 5) 20464 | -6/Factory | Discovered exit to Extension (range 16) 20515 | -6/Factory | Discovered exit to Factory (range 13) 20632 | -6/Factory | Entered another Factory area 20632 | -5/Factory | Evolved 2 slots: Utility x2 22126 | -5/Factory | Crushed by falling debris 22157 | -5/Factory | Lost 4 parts (1p3u) 22294 | -5/Factory | Sucked down chute 22294 | -5/Factory | Entered Waste 22299 | -5/Waste | Spotted C-40 Crusher 22305 | -5/Waste | Spotted C-40 Crusher 22308 | -5/Waste | Spotted C-40 Crusher 22309 | -5/Waste | EMP discharged 22325 | -5/Waste | Spotted C-40 Crusher 22332 | -5/Waste | Discovered new exit (range 14) 22338 | -5/Waste | Identified exit to Factory 22339 | -5/Waste | Entered Factory 22433 | -5/Factory | Build established: Hauler-Mutant 22473 | -5/Factory | Discovered new exit (range 15) 22480 | -5/Factory | Identified exit to Factory 22639 | -5/Factory | Entered another Factory area 22639 | -4/Factory | Evolved 2 slots: Propulsion x2 22988 | -4/Factory | Identified exit to Upper Caves 22988 | -4/Factory | Identified exit to Armory 24175 | -4/Factory | Discovered new exit (range 16) 24181 | -4/Factory | Identified exit to Research 26195 | -4/Factory | Sucked down chute 26195 | -4/Factory | Entered Waste 26198 | -4/Waste | Spotted C-40 Crusher 26202 | -4/Waste | Warlord forces began an assault 26289 | -4/Waste | Spotted C-40 Crusher 26297 | -4/Waste | Allies destroyed C-40 Crusher 26306 | -4/Waste | Found Damper Plating 26356 | -4/Waste | Found Adv. Powered Armor 26369 | -4/Waste | Discovered new exit (range 12) 26436 | -4/Waste | Identified exit to Factory 26483 | -4/Waste | Entered Factory 26483 | -4/Factory | Accompanied by 18 allies 27082 | -4/Factory | Discovered exit to Upper Caves (range 8) 27183 | -4/Factory | Repaired Lrg. Storage Unit 27233 | -4/Factory | First assault squad dispatched 27564 | -4/Factory | Self-destructed Last Messages --------------- 27521_ Exp. Sensor Array destroyed. 27521_ Penetrated by Slug. 27521_ Lgt. Antimatter Reactor destroyed. 27524_ Penetrated by Slug. 27544_ Connecting with Terminal... 27560_ C-30 ARC bursts open, deploying its payload. 27560_ G-73 Enforcer unfolds itself. 27560_ G-67 Veteran unfolds itself. 27560_ B-60 Warrior unfolds itself. 27560_ L-61 Swordsman unfolds itself. 27560_ E-15 Imp unfolds itself. 27560_ Nuclear Pulse Array destroyed. 27561_ K-01 Serf collects debris. 27562_ Slammed into U-05 Engineer. 27562_ Destroyed Terrain Scan Processor. 27562_ U-05 Engineer system corrupted by crushing effect. 27563_ ALERT: Construction progress impeded, dispatching reinforcements to local area. 27563_ Chainsword destroyed. 27563_ U-05 Engineer destroyed. Map ----- +----------------------------------------------------+ | ??????????????????# #?????????????? | | ??????????????????# #?????????????? | | ??????????????????# #?????????????? | | ??????????????????# #?????????????? | | ??????????????????# #?????????????? | | ??????????????????# #?????????????? | | ??????????????????# #?????????????? | | ??????????????????# ##########?????????????? | | ??????????????????# # #?????????????? | | ??????????????????# # """ #?????????????? | | ??????????????????# # """"" #?????????????? | | ??????????????????# / """"" [#w????????????? | | ??????????????????# %# #?????????????? | | ??????????????????# # """ "#?????????????? | | ??????????????????# k #Y""""" "#?????????????? | | ??????????????????# b g# """"" "#?????????????? | | ??????????????????# # T#?????????????? | | ??????????????????# lg# """ "#?????????????? | | ??????????????????# # """"" "#?????????????? | | ??????????????????# # """"" "#?????????????? | | ??????????????????# R# #?????????????? | | ??????????????????# ;#########?????????????? | | ??????????????????#R ##?????????????????????? | | ??????????????????# e#???????????????C??????? | | ??????????????????# #??????????????????????? | | ??????????????????# =@#??????????????????????? | | ??????????????????# !%=#??????????????????????? | | ??????????????????# |!#??????????????????????? | | ??????????????????# #??????????????????????? | | ??????????????????# #??????????????????????? | | ??????????????????# #??????????????????????? | | ??????????????????# #??????????????????????? | | ??????????????????# ?u?????k??????????????? | | ??????????????????# ??????????????????????? | | ??????????????????# g """??????????????????????? | | ??????????????????# g """??????????????????????? | | ??????????????????# gb """??????????????????????? | | ??????????????????# ?????????????????????????? | | ??????????????????# ???????R?????????????????? | | ????????????????????? ??????????????????????????? | | ?????????????????????????????????????????????????? | | ?????????????????????????????????????????????????? | | ?????????????????????????????????????????????????? | | ?????????????????????????????????????????????????? | | ?????????????????????????????????????????????????? | | ?????????????????????????????????????????????????? | | ?????????????????????????????????????????????????? | | ?????????????????????????????????????????????????? | | ?????????????????????????????????????????????????? | | ?????????????????????????????????????????????????? | +----------------------------------------------------+ Best States ------------- Heat Dissipation 43 Energy Generation 21 Energy Capacity 325 Matter Stores 300 Matter Capacity 300 Sight Range 16 Robot Scan Range 30 Terrain Scan Density 10 ECM Strength 3 Jamming Range 8 EM Shielding 2 Armor Coverage 1350 Resistance: EM 90 Propulsion Shielding 66 Evasion (%) 73 Target Analysis 6 Recoil Reduction 4 Offensive Hacking 12 Defensive Hacking 10 Item Schematics ----------------- Hcp. Storage Unit | -9/Materials | Hacked Exp. Sensor Array | -9/Materials | Scanalyzed Lrg. Storage Unit | -9/Materials | Scanalyzed Transmission Jammer | -9/Materials | Scanalyzed Hacking Suite | -9/Materials | Scanalyzed Grenade Launcher | -9/Materials | Scanalyzed System Shield | -8/Materials | Scanalyzed Powered Hammer | -8/Materials | Scanalyzed Imp. Grenade Launcher | -8/Materials | Scanalyzed Hvy. Rocket Launcher | -8/Materials | Scanalyzed Imp. Signal Interpreter | -8/Materials | Scanalyzed System Guard | -7/Factory | Hacked Adv. Signal Interpreter | -6/Factory | Hacked Nuclear Pulse Thruster | -6/Factory | Hacked Impulse Thruster Array | -6/Factory | Scanalyzed Great Axe | -6/Factory | Scanalyzed Imp. Propulsion Shielding | -6/Factory | Scanalyzed Adv. Weight Redist. System | -6/Factory | Scanalyzed EM Shield | -6/Factory | Scanalyzed Dynamic Insulation System | -6/Factory | Scanalyzed Lyr. Light Armor Plating | -6/Factory | Scanalyzed System Backup Module | -6/Factory | Scanalyzed Lrn. Missile Launcher | -6/Factory | Scanalyzed Hvy. Missile Launcher | -5/Factory | Scanalyzed Katana | -5/Factory | Scanalyzed Robot Schematics ------------------ None Fabricated ------------ Adv. Signal Interpreter | x2 | -6/Factory Impulse Thruster Array | x1 | -6/Factory Alien Tech Used ----------------- None Achievements -------------- None Challenges ------------ None Game ------ Seed SubatomicPropulsionShredder Manual? 0 Play Time 03:35:53 Cumulative 144.6 hours Start 2020.11.28 @ 09:48:30 End 2020.11.30 @ 12:29:35 Sessions 7 Manual Loads 0 Difficulty Rogue Special Mode Halloween2020/ForbiddenLore Game No. 108 Rogue 108 Adventurer 0 Explorer 0 Win Type - Total 3 Types 3/0/0/0/0/0/0/0/0 Lore% 44 Gallery% 57 Achievement% 44 Wizard Run 0 Options --------- ASCII 1 Keyboard 1 Movement Arrows Keybinds 0 Fullscreen 1 Font 24/Proggy Map View 76x50 Tactical HUD 1 Map Filters NONE Filters NONE Steam 1 RUN: cc0eb6c4-f23e-480c-9357-71750d1ff4d3